 Dungeon Crawl Stone Soup version 0.24.0-123-gd5b16e6ec5 (webtiles) character file.

Game seed: 12079211575313473144, levelgen mode: deterministic

2754 Curus the Severer (level 9, -6/70 HPs)
             Began as a Minotaur Berserker on Jan 3, 2020.
             Was an Elder of Trog.
             Mangled by a hornet (12 damage)
             ... on level 7 of the Dungeon.
             The game lasted 00:27:47 (4756 turns).

Curus the Severer (Minotaur Berserker)              Turns: 4756, Time: 00:27:48

Health: -6/70      AC: 11    Str: 22    XL:     9   Next: 41%
Magic:  8/8        EV:  7    Int:  7    God:    Trog [****..]
Gold:   452        SH:  3    Dex: 10    Spells: 8/8 levels left

rFire    + . .     SeeInvis .   a - +3 hand axe
rCold    . . .     Gourm    .   v - +0 buckler
rNeg     . . .     Faith    .   j - +0 chain mail
rPois    +         Spirit   .   (helmet restricted)
rElec    .         Reflect  .   m - +0 cloak
rCorr    .         Harm     .   (no gloves)
MR       ++...                  (no boots)
Stlth    ..........             p - amulet of regeneration
HPRegen  1.61/turn              h - ring of poison resistance
MPRegen  0.11/turn              o - ring of protection from fire

@: regenerating, slowed, very slow
A: retaliatory headbutt, horns 2, molten scales 1, wild magic 1
a: Berserk, Trog's Hand, Brothers in Arms, Renounce Religion


You were on level 7 of the Dungeon.
You worshipped Trog.
Trog was greatly pleased with you.
You were not hungry.

You visited 1 branch of the dungeon, and saw 7 of its levels.
You also visited: Sewer.

You collected 452 gold pieces.

Inventory:

Hand Weapons
 a - a +3 hand axe (weapon)
Armour
 b - a +0 animal skin
 e - a +0 ring mail
 f - a +2 ring mail of fire resistance
 j - a +0 chain mail (worn)
 l - a +1 scale mail of magic resistance
 m - a +0 cloak (worn)
 v - a +0 buckler (worn)
Jewellery
 h - a ring of poison resistance (left hand)
 n - a +3 ring of intelligence
 o - a ring of protection from fire (right hand)
 p - an amulet of regeneration (around neck)
 t - an uncursed amulet of faith {unknown}
Wands
 q - a wand of polymorph (3)
Scrolls
 d - 3 scrolls of remove curse
 g - 3 scrolls of identify
 i - 5 scrolls of teleportation
 r - a scroll of fog
 s - a scroll of blinking
Potions
 k - a potion of brilliance
 u - a potion of curing
Comestibles
 c - 12 rations


   Skills:
 + Level 3.6 Fighting
 - Level 15.0 Axes
 + Level 2.4 Armour
 - Level 2.1 Dodging


You had 8 spell levels left.
You didn't know any spells.
Your spell library was empty.

Dungeon Overview and Level Annotations

Branches:
Dungeon (7/15)             Temple (0/1) D:4           Sewer (visited)

Altars:
Ashenzari
Cheibriados
Kikubaaqudgha
Wu Jian
The Shining One

Annotations:
D:7 1 transporter, FishyPogo's ghost, novice DsFE


Innate Abilities, Weirdness & Mutations

You reflexively headbutt those who attack you in melee.
You have a pair of horns on your head.
You are partially covered in molten scales. (AC +2)
Your spells are a little harder to cast, but a little more powerful.


Message History

The hornet stings you! x2
You can move again.
Unknown command.
Unknown command.
Unknown command.
Your skin crawls.
You feel resistant to hostile enchantments.
You feel somewhat more hungry. The hornet stings you!
* * * LOW HITPOINT WARNING * * *
You feel yourself slow down.
You hit the hornet. Your headbutt misses the hornet.
The hornet is heavily wounded.
The hornet stings you!
* * * LOW HITPOINT WARNING * * *
You hit the hornet.
The hornet is heavily wounded.
The hornet stings you!
* * * LOW HITPOINT WARNING * * *
The hornet stings you!
You die...

...#...#############..#.#
..##..#####yyyyy#####...#
..##.###(#.#.y.#..y###..#
..##.##..#..###..#.W##..#
...[.### ..# ..#%#.###..#
###†).# ###..#..#####...#
####.###y#.#...#...###.##
!###.##..#.y###y.#.y##.#
.....###...#...#@#.###.#
####..#####..©.†#####..#
.)[....#############..##
.#####.......©.......##
.# ########.######## .#
#.# .# #.# ## ########.#
#........#


You could see a hornet.

Vanquished Creatures
  A wyvern (D:6)
  A hungry ghost (D:7)
  Purgy (Sewer)
  2 ice beasts (D:6)
  A sky beast (D:6)
  An ogre (D:6)
  2 bullfrogs
  4 scorpions
  17 killer bees (D:7)
  3 crimson imps
  A quasit (D:6)
  4 hounds
  3 orc priests
  5 orc wizards
  3 iguanas
  6 worker ants
  2 hound zombies (D:5)
  A worker ant zombie (D:7)
  4 adders
  An adder skeleton (D:4)
  An adder zombie (D:5)
  2 worms
  2 dart slugs
  8 leopard geckos
  31 orcs
  8 bats
  10 giant cockroaches
  4 goblins
  13 hobgoblins
  6 jackals
  8 kobolds
  3 ball pythons
  A frilled lizard (Sewer)
  A jackal skeleton (D:4)
  8 rats
169 creatures vanquished.

Notes
Turn   | Place    | Note
-------+----------+-------------------------------------------
     0 | D:1      | Curus the Minotaur Berserker began the quest for the Orb.
     0 | D:1      | Reached XP level 1. HP: 19/19 MP: 0/0
    36 | D:1      | Reached skill level 4 in Axes
   134 | D:1      | Reached XP level 2. HP: 26/26 MP: 1/1
   343 | D:1      | Reached skill level 5 in Axes
   424 | D:1      | Reached XP level 3. HP: 25/31 MP: 2/2
   732 | D:2      | Gained mutation: You are partially covered in molten
                  | scales. (AC +2) [potion of mutation]
   732 | D:2      | Gained mutation: Your spells are a little harder to cast,
                  | but a little more powerful. [potion of mutation]
   746 | D:2      | Found an ancient bone altar of Kikubaaqudgha.
   887 | D:2      | Reached ** piety under Trog
  1281 | D:2      | Found a snail-covered altar of Cheibriados.
  1366 | D:3      | Reached skill level 6 in Axes
  1366 | D:3      | Reached XP level 4. HP: 28/39 MP: 3/3
  1630 | D:3      | Reached XP level 5. HP: 45/45 MP: 4/4
  1631 | D:3      | Reached skill level 7 in Axes
  2023 | D:3      | Reached *** piety under Trog
  2108 | D:4      | Reached skill level 8 in Axes
  2113 | D:4      | Reached XP level 6. HP: 34/51 MP: 5/5
  2118 | D:4      | Found a shattered altar of Ashenzari.
  2238 | D:4      | Found a staircase to the Ecumenical Temple.
  2407 | D:4      | Reached skill level 9 in Axes
  2610 | D:5      | Entered Level 5 of the Dungeon
  2712 | D:5      | Found a glowing drain.
  2724 | Sewer    | Entered a sewer
  2756 | Sewer    | Noticed Purgy
  2766 | Sewer    | Killed Purgy
  2766 | Sewer    | Reached skill level 10 in Axes
  2766 | Sewer    | Reached XP level 7. HP: 49/57 MP: 6/6
  2828 | Sewer    | Received a gift from Trog
  2884 | D:5      | Found an ornate altar of the Wu Jian Council.
  3347 | D:6      | Reached skill level 11 in Axes
  3400 | D:6      | Reached **** piety under Trog
  3400 | D:6      | Received a gift from Trog
  3405 | D:6      | Reached XP level 8. HP: 45/64 MP: 7/7
  3487 | D:6      | Reached skill level 12 in Axes
  3571 | D:6      | Reached skill level 13 in Axes
  4131 | D:7      | Found a glowing golden altar of the Shining One.
  4155 | D:7      | Noticed a hornet
  4166 | D:7      | Noticed FishyPogo's ghost (novice DsFE)
  4248 | D:7      | Reached XP level 9. HP: 63/70 MP: 8/8
  4256 | D:7      | Reached skill level 14 in Axes
  4628 | D:7      | Found a transporter.
  4629 | D:7      | Found a transporter.
  4751 | D:7      | Reached skill level 15 in Axes
  4751 | D:7      | Paralysed by a hornet for 2 turns
  4756 | D:7      | Mangled by a hornet

Levels and vault maps discovered:
D:1:      tarquinn_simple_flora_water_e, layout_basic, serial_park_tiny_1
D:2:      layout_loops_ring, old_standard_altar, first_ration,
          cheibriados_altar_1
D:3:      layout_loops_ring, kennysheep_generic_room_13
D:4:      layout_basic, nicolae_ashenzari_panopticon,
          minmay_temple_entry_junction
D:5:      layout_basic, lemuel_round_altar, cheibrodos_sewer_entry_drain,
          grunt_ministairs_14
D:6:      layout_rooms
D:7:      layout_rooms, lemuel_round_altar, gammafunk_ghost_hive, eino_jars

Skill      XL: |  1  2  3  4  5  6  7  8  9 |
---------------+----------------------------+-----
Axes           | 4 5 6 8 10 11 13 15 | 15.0
Fighting       | |  3.6
Armour         | |  2.4
Dodging        | |  2.1

Action                   |  1- 3 |  4- 6 |  7- 9 || total
-------------------------+-------+-------+-------++-------
Melee: Hand axe          |   103 |   132 |   245 ||   480
       Headbutt          |    11 |    22 |    29 ||    62
Invok: Trog's Hand       |       |       |     3 ||     3
       Berserk           |       |       |     2 ||     2
  Use: Potion            |     6 |     2 |     2 ||    10
       Scroll            |     7 |     4 |     1 ||    12
  Eat: Chunk             |     1 |     5 |     9 ||    15
       Ration            |       |       |     2 ||     2
Armor: Ring mail         |    31 |     9 |       ||    40
       Scale mail        |       |    10 |       ||    10
       Chain mail        |       |    27 |   116 ||   143
Dodge: Dodged            |    55 |    57 |   103 ||   215
Block: Buckler           |       |       |     2 ||     2
